 Dungeon Crawl Stone Soup version 0.23-a0-516-g0f8c245 (webtiles) character file.

4729 theanonym the Fighter (level 10, -13/82 HPs)
             Began as a Mummy Enchanter on Dec 5, 2018.
             Was a Believer of Cheibriados.
             Mangled by a two-headed ogre
             ... wielding a +0 giant spiked club
              (16 damage)
             ... on level 6 of the Dungeon.
             The game lasted 00:20:22 (12064 turns).

theanonym the Fighter (Mummy Enchanter)            Turns: 12064, Time: 00:20:22

Health: -13/82     AC: 12    Str: 21    XL:     10   Next: 22%
Magic:  4/4        EV:  9    Int: 20    God:    Cheibriados [**....]
Gold:   435        SH:  0    Dex: 25    Spells: 13/14 levels left

rFire    x . .     SeeInvis .   b - +10 short sword of Indomitability {antimagic, +Blink Dex+3}
rCold    + . .     Gourm    .   (no shield)
rNeg     + + +     Faith    .   l - +0 chain mail
rPois    ∞         Spirit   .   (no helmet)
rElec    .         Reflect  .   (no cloak)
rCorr    .         Harm     .   j - +2 pair of gloves
MR       +....                  (no boots)
Stlth    ..........             (no amulet)
HPRegen  0.23/turn              e - ring of positive energy
MPRegen  0.09/turn              o - +3 ring of dexterity

@: very slow
A: no food or potions, fire vulnerability, cold resistance 1, negative energy
resistance 3, torment resistance, unbreathing
a: Bend Time, Renounce Religion, Evoke Blink


Innate Abilities, Weirdness & Mutations

You do not eat or drink.
Your flesh is vulnerable to fire.
You are immune to poison.
Your flesh is cold resistant. (rC+)
You are immune to negative energy. (rN+++)
You are immune to unholy pain and torment.
You can survive without breathing.


   Skills:
 - Level 8.8 Fighting
 - Level 0.7 Short Blades
 * Level 8.3 Bows
 - Level 4.8 Armour
 - Level 1.5 Dodging
 - Level 2.4 Stealth
 - Level 2.6 Spellcasting
 - Level 2.6 Hexes
 - Level 3.0 Invocations


You had 13 spell levels left.
You knew the following spells:

 Your Spells              Type           Power        Failure   Level  Hunger
a - Corona                Hex            ##.....      38%         1    N/A

Your spell library contained the following spells:

 Spells                   Type           Power        Failure   Level  Hunger
 Ensorcelled Hibernation  Hex/Ice        #.....       73%         2    N/A
 Confuse                  Hex            ##......     77%         3    N/A
 Tukima's Dance           Hex            ##......     77%         3    N/A
 Dazzling Spray           Conj/Hex       #.....       91%         3    N/A

Skill      XL: |  1  2  3  4  5  6  7  8  9 10 |
---------------+-------------------------------+-----
Fighting       | 1 2 3 4 6 8 |  8.8
Armour         | 1 3 4 |  4.8
Bows           | 3 7 8 |  8.3
Invocations    | 2 3 |  3.0
Short Blades   | |  0.7
Dodging        | |  1.5
Stealth        | |  2.4
Spellcasting   | |  2.6
Hexes          | |  2.6

Action                   |  1- 3 |  4- 6 |  7- 9 | 10-12 || total
-------------------------+-------+-------+-------+-------++-------
Melee: Dagger            |    48 |       |    31 |       ||    79
       Short sword       |    38 |   439 |   703 |    71 ||  1251
 Fire: Shortbow          |       |       |    40 |     9 ||    49
Evoke: Wand              |       |     3 |     6 |     2 ||    11
  Use: Scroll            |       |     6 |    12 |     1 ||    19
 Stab: Sleeping          |     4 |       |       |       ||     4
Armor: Robe              |     5 |       |       |       ||     5
       Leather armour    |     5 |       |       |       ||     5
       Chain mail        |    21 |   291 |   419 |    43 ||   774
Dodge: Dodged            |    50 |   167 |   291 |    30 ||   538

Inventory:

Hand Weapons
 a - a +0 shortbow
   (You took it off a centaur on level 6 of the Dungeon)
 b - the +10 short sword of Indomitability (weapon) {antimagic, +Blink Dex+3}
   (You found it on level 6 of the Dungeon)

   It reduces the magical energy of the wielder, and disrupts the spells and
   magical abilities of those hit.
   Natural abilities and divine invocations are not affected.
   It affects your dexterity (+3).
   It lets you blink.
Missiles
 i - 187 arrows
 k - 57 bolts
Armour
 g - a +0 leather armour
   (You found it on level 1 of the Dungeon)
 j - a +2 pair of gloves (worn)
   (You found it on level 2 of the Dungeon)
 l - a +0 chain mail (worn)
   (You found it on level 2 of the Dungeon)
 p - a +0 robe
Jewellery
 e - a ring of positive energy (left hand)
   (You found it on level 1 of the Dungeon)
 o - a +3 ring of dexterity (right hand)
   (You found it on level 4 of the Dungeon)
Wands
 d - a wand of digging (12)
   (You took it off an orc on level 3 of the Dungeon)
 s - a wand of paralysis (7)
   (You took it off a kobold on level 8 of the Dungeon)
Scrolls
 c - a scroll of amnesia
 f - a scroll of fog
 m - a scroll of enchant weapon
 n - 9 scrolls of remove curse
 q - a scroll of immolation
 r - a scroll of identify
 t - a scroll of teleportation {!r}
 y - 2 scrolls of magic mapping


You were on level 6 of the Dungeon.
You worshipped Cheibriados.
Cheibriados was pleased with you.
You were not hungry.

You visited 2 branches of the dungeon, and saw 11 of its levels.
You also visited: Sewer.

You collected 532 gold pieces.
You spent 97 gold pieces at shops.

Dungeon Overview and Level Annotations

Branches:
Dungeon (10/15)            Temple (1/1) D:7            Lair (0/6) D:9
    Orc (0/2) D:9

Altars:
Ashenzari
Cheibriados
Elyvilon
Fedhas
Gozag
Hepliaklqana
Kikubaaqudgha
Makhleb
Okawaru
Qazlal
Trog
Vehumet
Wu Jian
Xom
Yredelemnul
Zin
The Shining One

Shops:
D:5 *

Annotations:
D:6 exclusion: two-headed ogre
D:7 2 transporters, zard0z's ghost, novice DEWz

### ..# .!# #########
..########......[#########
..'............O@'.......#
..########.......#######.#
..# #.......# #.# ..#
#.......# #.# ..#
#....%(.# #.# .#####
#....(..# #.# .#...#
#...(...# #.#
.#...#####.......# #.#
.#...........##### #.#


You could see a two-headed ogre.

Notes
Turn   | Place    | Note
-------+----------+-------------------------------------------
     0 | D:1      | theanonym the Mummy Enchanter began the quest for the Orb.
     0 | D:1      | Reached XP level 1. HP: 13/13 MP: 4/4
   211 | D:1      | Reached skill level 1 in Fighting
   223 | D:1      | HP: 7/15 [leopard gecko (4)]
   535 | D:1      | Reached XP level 2. HP: 22/22 MP: 5/5
   901 | D:2      | Reached skill level 2 in Fighting
   903 | D:2      | HP: 10/23 [adder (4)]
   904 | D:2      | HP: 2/23 [adder (4)]
   911 | D:2      | Reached XP level 3. HP: 2/28 MP: 7/7
  1411 | D:2      | Reached skill level 3 in Fighting
  1494 | D:2      | Found a white marble altar of Elyvilon.
  1568 | D:2      | Found a burning altar of Makhleb.
  1887 | D:2      | Reached XP level 4. HP: 37/37 MP: 8/8
  2281 | D:3      | Reached skill level 4 in Fighting
  2733 | D:4      | Noticed a phantom
  2839 | D:4      | HP: 17/37 [scorpion (2)]
  2840 | D:4      | Reached XP level 5. HP: 20/43 MP: 9/9
  3054 | D:4      | HP: 21/43 [orc (1)]
  3061 | D:4      | HP: 11/43 [orc (1)]
  3075 | D:4      | HP: 9/43 [frilled lizard (2)]
  3085 | D:4      | HP: 9/43 [frilled lizard (2)]
  3514 | D:4      | HP: 18/43 [worker ant (5)]
  3518 | D:4      | Reached skill level 5 in Fighting
  4185 | D:4      | Killed a phantom
  4185 | D:4      | Reached skill level 6 in Fighting
  4185 | D:4      | Reached XP level 6. HP: 36/52 MP: 3/10
  4771 | D:5      | Entered Level 5 of the Dungeon
  4779 | D:5      | Reached skill level 1 in Armour
  4794 | D:5      | Found a bloodstained altar of Trog.
  4835 | D:5      | HP: 25/53 [orc/+0 short sword (3)]
  5002 | D:5      | Found a glowing drain.
  5024 | Sewer    | Entered a sewer
  5514 | D:5      | Reached XP level 7. HP: 59/59 MP: 3/11
  5557 | D:5      | HP: 24/59 [ice beast (6)]
  5565 | D:5      | HP: 24/59 [ice beast (2)]
  5571 | D:5      | HP: 17/59 [ice beast (2)]
  5851 | D:5      | Reached skill level 7 in Fighting
  5851 | D:5      | Reached skill level 2 in Armour
  6023 | D:5      | HP: 29/60 [scorpion (4)]
  6028 | D:5      | HP: 20/60 [scorpion (3)]
  6034 | D:5      | HP: 18/60 [scorpion (3)]
  6036 | D:5      | Noticed Pikel
  6039 | D:5      | HP: 15/60 [scorpion (3)]
  6054 | D:5      | HP: 14/60 [something (4)]
  6080 | D:5      | HP: 11/60 [something (4)]
  6093 | D:5      | HP: 7/60 [something (2)]
  6093 | D:5      | HP: 2/60 [something (5)]
  6564 | D:5      | HP: 29/60 [slave[Pikel] (6)]
  6569 | D:4      | HP: 27/60 [slave[Pikel] (1)]
  6574 | D:4      | HP: 23/60 [slave[Pikel] (3)]
  6898 | D:5      | HP: 29/60 [slave[Pikel] (2)]
  6908 | D:5      | HP: 25/60 [slave[Pikel] (4)]
  7147 | D:5      | Killed Pikel
  7147 | D:5      | Reached skill level 8 in Fighting
  7147 | D:5      | Reached skill level 3 in Armour
  7147 | D:5      | Reached XP level 8. HP: 42/68 MP: 4/12
  7157 | D:5      | HP: 34/68 [quokka (1)]
  7168 | D:5      | HP: 34/68 [sky beast (3)]
  7449 | D:5      | Reached skill level 4 in Armour
  7635 | D:5      | Found Paeqil's General Store.
  7638 | D:5      | Bought a scroll of enchant armour for 97 gold pieces
  8258 | D:6      | HP: 32/69 [centaur/arrow (9)]
  8266 | D:6      | HP: 33/69 [gnoll/+0 spear (1)]
  8741 | D:6      | Reached skill level 1 in Bows
  8844 | D:6      | Reached skill level 2 in Bows
  9206 | D:6      | Identified the +10 short sword of Indomitability
                  | {antimagic, +Blink Dex+3} (You found it on level 6 of the
                  | Dungeon)
  9225 | D:7      | Noticed a two-headed ogre
  9234 | D:7      | Reached skill level 3 in Bows
  9238 | D:7      | HP: 31/70 [two-headed ogre/+0 giant spiked club (7)]
  9253 | D:6      | HP: 22/70 [two-headed ogre/+0 giant spiked club (13)]
  9294 | D:6      | HP: 21/70 [two-headed ogre/+0 giant spiked club (9)]
  9539 | D:7      | HP: 30/70 [orc warrior/+0 halberd (11)]
  9548 | D:7      | Reached XP level 9. HP: 34/75 MP: 4/13
  9739 | D:7      | Found a staircase to the Ecumenical Temple.
  9747 | Temple   | Entered the Ecumenical Temple
  9757 | Temple   | Became a worshipper of Cheibriados the Contemplative
  9793 | D:7      | Reached skill level 4 in Bows
  9897 | D:7      | HP: 36/75 [centaur (7)]
  9901 | D:7      | Reached skill level 5 in Bows
  9906 | D:7      | HP: 31/75 [crimson imp (1)]
  9912 | D:7      | Reached * piety under Cheibriados
  9915 | D:7      | HP: 32/75 [orc/tomahawk (1)]
 10282 | D:7      | You fall through a shaft for 3 floors!
 10282 | D:10     | Entered Level 10 of the Dungeon
 10423 | D:8      | Reached skill level 6 in Bows
 10554 | D:8      | Reached skill level 1 in Invocations
 10752 | D:8      | Noticed a two-headed ogre
 10769 | D:8      | Reached ** piety under Cheibriados
 10901 | D:8      | Reached skill level 7 in Bows
 10949 | D:8      | Killed a two-headed ogre
 10949 | D:8      | Reached skill level 2 in Invocations
 10949 | D:8      | Reached XP level 10. HP: 50/82 MP: 4/14
 10969 | D:8      | Reached skill level 3 in Invocations
 11591 | D:7      | Reached skill level 8 in Bows
 11836 | D:7      | Found a transporter.
 11853 | D:7      | Identified the +1 dire flail "Banisher" {crush, rPois rC-
                  | Str+7 Dex-3}
 11857 | D:7      | Noticed zard0z's ghost (novice DEWz)
 11869 | D:7      | Found a transporter.
 12061 | D:6      | HP: 41/82 [two-headed ogre/+0 giant spiked club (13)]
 12064 | D:6      | HP: 3/82 [two-headed ogre/+0 giant spiked club (21)]
 12064 | D:6      | Mangled by a two-headed ogre

Vanquished Creatures
  A two-headed ogre (D:8)
  Pikel (D:5)
  A spriggan (D:7)
  A hungry ghost (D:8)
  A water moccasin (D:7)
  3 slaves
  An orc warrior (D:7)
  2 ice beasts
  4 phantoms
  3 centaurs
  2 big kobolds
  2 bullfrogs (D:8)
  3 scorpions
  8 killer bees (D:8)
  5 wights (D:7)
  A howler monkey (D:8)
  5 crimson imps
  2 bullfrog zombies
  A centaur skeleton (D:4)
  A centaur zombie (D:8)
  2 jellies (D:7)
  A gnoll shaman (D:6)
  5 orc priests
  5 hounds
  5 orc wizards
  2 iguanas
  6 worker ants
  A worker ant zombie (D:5)
  6 gnolls (D:6)
  12 adders
  2 howler monkey skeletons
  2 shadow imps
  2 oozes (Sewer)
  An adder skeleton (D:4)
  3 worms
  2 dart slugs
  11 leopard geckos
  29 orcs
  9 giant cockroaches
  A goblin (D:1)
  2 hobgoblins
  8 jackals
  3 quokkas
  2 ball pythons (Sewer)
  6 bats
  2 frilled lizards
  14 kobolds
  A quokka skeleton (D:7)
  6 rats
199 creatures vanquished.

Vanquished Creatures (others)
  A sky beast (D:5)
  A scorpion (D:5)
2 creatures vanquished.

Grand Total: 201 creatures vanquished

Table legend:
 A = Turns spent in this place as a percentage of turns spent in the entire game.
 B = Non-inter-level travel turns spent in this place as a percentage of non-inter-level travel turns spent in the entire game.
 C = Inter-level travel turns spent in this place as a percentage of turns spent in this place.
 D = Turns resting spent in this place as a percentage of non-inter-level travel turns spent in this place.
 E = Turns spent auto-exploring this place as a percentage of non-inter-level travel turns spent in this place.
 F = Non-inter-level travel turns spent in this place divided by the number of levels of this place that you've seen.
                   A       B       C       D       E      F
               +-------+-------+-------+-------+-------+----------------------
         Total | 100.0 | 100.0 |   4.8 |  41.2 |  36.8 | 957.3
       Dungeon |  96.2 |  96.0 |   4.9 |  41.5 |  37.2 | 1103.3
        Temple |   0.2 |   0.1 |  42.9 |   0.0 |  33.3 |  12.0
         Sewer |   3.7 |   3.9 |   0.0 |  34.3 |  26.4 | 443.0
               +-------+-------+-------+-------+-------+----------------------
